 Dungeon Crawl Stone Soup version 0.18.1-6-gd335043 (webtiles) character file.

326 Kenran the Cleaver (level 6, -1/53 HPs)
             Began as a Hill Orc Fighter on May 16, 2016.
             Slain by Kenran's ghost (8 damage)
             ... on level 3 of the Dungeon.
             The game lasted 00:10:38 (3930 turns).

Kenran the Cleaver (Hill Orc Fighter)               Turns: 3930, Time: 00:10:39

Health: -1/53      AC:  9    Str: 19    XL:     6   Next: 49%
Magic:  6/6        EV:  4    Int:  8    God:
Gold:   97         SH:  0    Dex: 12    Spells: 0 memorised, 5 levels left

rFire  . . .     SeeInvis .     n - +2 hand axe (freeze)
rCold  . . .     Gourm    .     b - +0 scale mail
rNeg   . . .     Faith    .     (no shield)
rPois  .         Spirit   .     m - +1 helmet
rElec  .         Dismiss  .     (no cloak)
rCorr  .         Reflect  .     (no gloves)
SustAt .         Harm     .     (no boots)
MR     .....                    (no amulet)
Stlth  ..........               (no ring)
                                (no ring)

@: not resistant to hostile enchantments, extremely unstealthy
A: no striking features
a: no special abilities


You were on level 3 of the Dungeon.
You were not hungry.

You visited 1 branch of the dungeon, and saw 4 of its levels.

You collected 97 gold pieces.

Inventory:

Hand Weapons
 n - a +2 hand axe of freezing (weapon)
Armour
 b - a +0 scale mail (worn)
 m - a +1 helmet (worn)
Scrolls
 e - 2 scrolls of teleportation
 g - 2 scrolls of identify
 l - a scroll of fog
 q - a scroll of enchant weapon
 r - a scroll of enchant armour
 v - 2 scrolls of remove curse
Potions
 d - a potion of might
 h - a potion of lignification
 i - a potion of haste {unknown}
 k - a potion of curing {unknown}
 o - a potion of berserk rage {unknown}
 p - 2 potions of magic {unknown}
 s - a potion of agility {unknown}
 u - a potion of flight {unknown}
Comestibles
 f - a bread ration
 j - a royal jelly


   Skills:
 + Level 4.5 Fighting
 - Level 8.3 Axes
 - Level 3.2 Armour
   Level 3.2 Shields


You had 5 spell levels left.
You didn't know any spells.

Dungeon Overview and Level Annotations

Branches:
Dungeon (4/15)
 Temple: D:4-7

Altars:
Ashenzari
Pakellas
Vehumet

Annotations:
D:3 Kenran's ghost, amateur HOFi


Message History

Kenran's ghost is heavily damaged.
You closely miss Kenran's ghost.
Kenran's ghost is heavily damaged.
Kenran's ghost hits you but does no damage.
You barely miss Kenran's ghost.
Kenran's ghost is heavily damaged.
Kenran's ghost hits you but does no damage.
You slash Kenran's ghost! You freeze Kenran's ghost.
Kenran's ghost is almost destroyed.
Kenran's ghost hits you but does no damage.
You hit Kenran's ghost but do no damage.
Kenran's ghost is almost destroyed.
Kenran's ghost hits you!
* * * LOW HITPOINT WARNING * * *
You hit Kenran's ghost but do no damage.
Kenran's ghost is severely damaged.
Kenran's ghost hits you.
* * * LOW HITPOINT WARNING * * *
Kenran's ghost hits you!
You die...

#...###
#......
############
#...###
#..........#
#...#
#..........#
#...#
#..........#
#...#
#..........#
#.###
#####W######
#.# # #@# #.#
# #.# #.# #
######.#####
#.# #
#..........#
#.# ##
#..........#
#.# #.
#..........#
#.# ##.
#.........>#
#.# #..
#..........#
##.# #..
#..........##
#..# #..


You could see Kenran's ghost.

Vanquished Creatures
  Jessica (D:2)
  Ijyb (D:3)
  Natasha (thrice) (D:3)
  Terence (D:1)
  A worker ant (D:4)
  3 adders
  2 oozes
  2 adder skeletons (D:3)
  3 worms
  4 dart slugs
  3 giant geckos
  6 orcs
  2 ball pythons
  4 giant cockroaches
  11 goblins
  13 hobgoblins
  4 jackals (D:4)
  9 kobolds
  3 quokkas
  2 bats
  2 giant newts (D:1)
  A jackal skeleton (D:4)
  4 rats
85 creatures vanquished.

Notes
Turn   | Place    | Note
--------------------------------------------------------------
     0 | D:1      | Kenran the Hill Orc Fighter began the quest for the Orb.
     0 | D:1      | Reached XP level 1. HP: 19/19 MP: 1/1
   124 | D:1      | Reached skill level 3 in Axes
   140 | D:1      | Reached XP level 2. HP: 22/26 MP: 2/2
   321 | D:1      | Reached skill level 4 in Axes
   586 | D:1      | Found a shattered altar of Ashenzari.
   634 | D:1      | Reached XP level 3. HP: 13/31 MP: 3/3
  1117 | D:1      | Reached skill level 5 in Axes
  1215 | D:2      | Noticed Jessica
  1225 | D:2      | Killed Jessica
  1225 | D:2      | Reached XP level 4. HP: 37/39 MP: 4/4
  1289 | D:2      | Found a radiant altar of Vehumet.
  1315 | D:2      | Noticed Terence
  1347 | D:1      | Killed Terence
  1347 | D:1      | Reached skill level 6 in Axes
  1565 | D:2      | Reached XP level 5. HP: 37/45 MP: 5/5
  1891 | D:3      | Noticed Kenran's ghost (amateur HOFi)
  2138 | D:3      | Reached skill level 7 in Axes
  2224 | D:3      | Noticed Ijyb
  2253 | D:3      | Killed Ijyb
  2415 | D:3      | Noticed Natasha
  2423 | D:3      | Killed Natasha
  2724 | D:3      | Noticed Natasha
  2737 | D:3      | Killed Natasha
  2737 | D:3      | Reached skill level 8 in Axes
  2737 | D:3      | Reached XP level 6. HP: 31/51 MP: 6/6
  3222 | D:3      | Noticed Natasha
  3240 | D:3      | Killed Natasha
  3624 | D:4      | Found an oddly glowing altar of Pakellas.
  3930 | D:3      | Slain by Kenran's ghost

Skill      XL: |  1  2  3  4  5  6 |
---------------+-------------------+-----
Axes           | 3 4 5 6 8 |  8.3
Fighting       | 4 |  4.5
Armour         | |  3.2
Shields        | |  3.2

Action                   |  1- 3 |  4- 6 || total
-------------------------+-------+-------++-------
Melee: War axe           |    92 |   208 ||   300
       Hand axe          |       |    14 ||    14
  Use: Scroll            |     6 |     5 ||    11
  Eat: Chunk             |     1 |     5 ||     6
       Meat ration       |       |     1 ||     1
Armor: Scale mail        |    46 |   102 ||   148
Dodge: Dodged            |    34 |    97 ||   131
